 Dungeon Crawl Stone Soup version 0.21.0-3-g78d12a8 (webtiles) character file.

20643 Faca the Archer (level 12, -5/108 HPs)
             Began as a Centaur Hunter on Jan 12, 2018.
             Was a High Priest of Okawaru.
             Slain by a meliai
             ... wielding a +0 hand axe
              (8 damage)
             ... on level 5 of the Lair of Beasts.
             The game lasted 00:52:24 (24868 turns).

Faca the Archer (Centaur Hunter)                   Turns: 24868, Time: 00:52:24

Health: -5/108     AC: 18    Str: 23    XL:     12   Next: 47%
Magic:  12/12      EV:  8    Int: 12    God:    Okawaru [*****.]
Gold:   607        SH:  2    Dex: 15    Spells: 11/11 levels left

rFire    + . .     SeeInvis .   m - +1 trident
rCold    + . .     Gourm    .   (no shield)
rNeg     . . .     Faith    .   E - +1 leather armour of the Equinox {rC+ Int+2 Slay+3}
rPois    +         Spirit   .   A - +2 helmet
rElec    .         Reflect  +   n - +2 cloak {rPois}
rCorr    .         Harm     .   (no gloves)
MR       .....                  D - +0 centaur barding {rF+}
Stlth    ++........             B - +2 amulet of reflection
HPRegen  0.28/turn              u - ring of stealth
MPRegen  0.13/turn              h - ring of Jeotz {+Fly Str+8}

@: lethally poisoned (-5 -> -6), very quick
A: large, hooves 3, deformed body, speed 2, tough skin 3
a: Heroism, Finesse, Renounce Religion, Evoke Flight


You were on level 5 of the Lair of Beasts.
You worshipped Okawaru.
Okawaru was extremely pleased with you.
You were not hungry.

You visited 2 branches of the dungeon, and saw 14 of its levels.

You collected 607 gold pieces.

Inventory:

Hand Weapons
 c - a +4 shortbow
 m - a +1 trident (weapon)
 y - a +2 glaive of holy wrath
Missiles
 d - 239 arrows
Armour
 l - a +0 chain mail
 n - a +2 cloak of poison resistance (worn)
 A - a +2 helmet (worn)
 D - a +0 centaur barding of fire resistance (worn)
 E - the +1 leather armour of the Equinox (worn) {rC+ Int+2 Slay+3}
   (You found it on level 5 of the Lair of Beasts)

   It affects your intelligence (+2).
   It affects your accuracy and damage with ranged weapons and melee attacks
   (+3).
   It protects you from cold.
Jewellery
 h - the ring of Jeotz (right hand) {+Fly Str+8}
   (You found it on level 6 of the Dungeon)

   [ring of flight]

   It affects your strength (+8).
   It lets you fly.
 u - a ring of stealth (left hand)
 B - a +2 amulet of reflection (around neck)
Wands
 q - a wand of flame (13)
Scrolls
 b - 2 scrolls of identify
 i - a scroll of fog
 j - 4 scrolls of remove curse
 k - 8 scrolls of teleportation
 o - 6 scrolls of enchant weapon
 t - 2 scrolls of fear
 w - a scroll of enchant armour
 x - a scroll of magic mapping
 C - a scroll of blinking
Potions
 a - 2 potions of curing
 e - a potion of cancellation
 g - 3 potions of agility
 p - a potion of resistance
 r - 4 potions of brilliance
 s - a potion of ambrosia
 z - a potion of lignification
Comestibles
 f - 11 rations


   Skills:
 + Level 10.8 Fighting
 + Level 9.5 Polearms
 + Level 13.7 Bows
 + Level 8.2 Armour
 - Level 1.8 Dodging
 - Level 0.4 Stealth


You had 11 spell levels left.
You didn't know any spells.

Dungeon Overview and Level Annotations

Branches:
Dungeon (9/15)             Temple (0/1) D:4            Lair (5/6) D:8
 Shoals (0/4) Lair:2       Spider (0/4) Lair:3          Orc (0/2) D:9
  Slime: Lair:5-6

Altars:
Gozag
Kikubaaqudgha
Nemelex Xobeh
Okawaru
Ru
Sif Muna
Xom

Shops:
D:4 *   D:5 (

Annotations:
D:9 xfalz's ghost, journeyman HOFi
Lair:4 exclusion: 3 oklob plants


Innate Abilities, Weirdness & Mutations

You have hooves in place of feet.
Armour fits poorly on your strangely shaped body.
You cover ground very quickly.
You have extremely tough skin. (AC +3)


Message History

The killer bee is almost dead.
You feel sick.
The meliai calls down the wrath of its god upon you.
Something smites you!
* * * LOW HITPOINT WARNING * * *
The killer bee stings you but does no damage.
You hit the killer bee.
You kill the killer bee!
Okawaru accepts your kill. The meliai hits you but does no damage.
The meliai stings you but does no damage.
You closely miss the meliai.
You feel less wooden.
Your +2 cloak of poison resistance unmelds from your body.
Your +2 helmet unmelds from your body.
Your +0 centaur barding of fire resistance unmelds from your body.
The +1 leather armour of the Equinox {rC+ Int+2 Slay+3} unmelds from your body.
You feel resistant to poison.
You feel resistant to fire.
You feel sick. The meliai hits you but does no damage. The meliai stings you!
You die...

##.## ##.### ##...##
#..## #.....# #...#
#....## ##...# .#...##
#.#..# .....P# ##...##
.....### #P.#y.#
......P## ####y##
........# #####@#
........# ##.##..#
........###.##.#.###
.........#....#....#
...............#..##
..........###....####
..........# ##......##
..........###....P...#
............##......##


You could see a meliai and a killer bee.

Vanquished Creatures
  3 hydras
  Erica (D:8)
  6 black mambas
  Maurice (D:8)
  Psyche (D:8)
  7 spiny frogs
  A rime drake (Lair:2)
  4 komodo dragons
  2 hippogriffs
  12 blink frogs
  A spriggan (D:8)
  Sigmund (D:6)
  14 yaks
  A wyvern (Lair:5)
  A basilisk (Lair:5)
  Grum (D:8)
  A hungry ghost (D:8)
  Menkaure (D:5)
  8 water moccasins
  3 wargs (D:8)
  5 ice beasts
  9 porcupines
  A phantom (D:8)
  2 orc warriors (D:6)
  4 ogres
  2 wolves (D:8)
  A centaur (D:5)
  2 big kobolds
  9 crocodiles
  9 bullfrogs
  A wyvern skeleton (D:9)
  2 scorpions (D:9)
  8 wights
  3 killer bees (Lair:5)
  A howler monkey (D:8)
  A bullfrog zombie (D:5)
  4 crimson imps
  A hound (D:5)
  4 jellies
  4 orc priests
  6 orc wizards
  4 bullfrog skeletons
  A centaur skeleton (D:4)
  2 iguanas
  3 worker ants
  2 hound skeletons
  A worker ant zombie (D:9)
  A howler monkey skeleton (D:4)
  9 adders
  7 gnolls
  7 leopard geckos
  28 orcs
  A ball python (D:1)
  8 bats
  4 giant cockroaches
  7 goblins
  7 hobgoblins
  11 jackals
  31 kobolds
  2 quokkas
  4 frilled lizards
  A leopard gecko skeleton (D:5)
  2 quokka skeletons
  5 rats
297 creatures vanquished.

Vanquished Creatures (others)
  7 fungi
  5 plants
12 creatures vanquished.

Grand Total: 309 creatures vanquished

Notes
Turn   | Place    | Note
-------+----------+-------------------------------------------
     0 | D:1      | Faca the Centaur Hunter began the quest for the Orb.
     0 | D:1      | Reached XP level 1. HP: 17/17 MP: 1/1
   500 | D:1      | Reached XP level 2. HP: 24/24 MP: 2/2
  1602 | D:2      | Reached XP level 3. HP: 30/30 MP: 3/3
  1736 | D:2      | Found an ancient bone altar of Kikubaaqudgha.
  1916 | D:2      | Found a shimmering altar of Xom.
  2102 | D:3      | Reached skill level 6 in Bows
  2102 | D:3      | Reached skill level 1 in Armour
  2102 | D:3      | Reached XP level 4. HP: 20/37 MP: 4/4
  2408 | D:3      | Noticed a bullfrog
  2427 | D:3      | Killed a bullfrog
  2427 | D:3      | Reached XP level 5. HP: 22/45 MP: 5/5
  3122 | D:2      | Found an iron altar of Okawaru.
  3134 | D:2      | Became a worshipper of Warmaster Okawaru
  3171 | D:4      | Reached skill level 1 in Polearms
  3211 | D:4      | Found a staircase to the Ecumenical Temple.
  3341 | D:4      | Found a sacrificial altar of Ru.
  3425 | D:4      | Reached XP level 6. HP: 48/51 MP: 6/6
  3700 | D:4      | Found Punyram's Serpentskin Sales.
  3700 | D:4      | Noticed a water moccasin
  3700 | D:4      | Noticed a water moccasin
  3701 | D:4      | Noticed a water moccasin
  3992 | D:5      | Entered Level 5 of the Dungeon
  4002 | D:5      | Noticed an ice beast
  4019 | D:5      | Killed an ice beast
  4019 | D:5      | Reached skill level 7 in Bows
  4175 | D:5      | Reached * piety under Okawaru
  4395 | D:5      | Reached XP level 7. HP: 27/59 MP: 7/7
  4577 | D:5      | Noticed Menkaure
  4583 | D:5      | Killed Menkaure
  4759 | D:5      | Found Kotzieb's Antique Weapon Shoppe.
  4932 | D:5      | Found an opulent altar of Gozag.
  5539 | D:6      | Reached ** piety under Okawaru
  5539 | D:6      | Reached skill level 8 in Bows
  5608 | D:6      | Reached skill level 5 in Fighting
  5608 | D:6      | Reached XP level 8. HP: 60/68 MP: 8/8
  5661 | D:6      | Got a steaming tin ring
  5667 | D:6      | Identified the ring of Jeotz {+Fly Str+8} (You found it on level 6 of the Dungeon)
  6510 | D:6      | Noticed Sigmund
  6519 | D:6      | Killed Sigmund
  6786 | D:6      | Found the +4 mace of Variability {chaos}
  7124 | D:6      | Reached skill level 9 in Bows
  7523 | D:6      | Found a deep blue altar of Sif Muna.
  7964 | D:7      | Reached *** piety under Okawaru
  7968 | D:7      | Reached XP level 9. HP: 53/75 MP: 9/9
  8800 | D:7      | Found a sparkling altar of Nemelex Xobeh.
  8812 | D:7      | Reached skill level 5 in Polearms
  9183 | D:8      | Noticed Psyche
  9289 | D:8      | Killed Psyche
  9459 | D:8      | Reached skill level 10 in Bows
  9489 | D:8      | Noticed Grum
  9504 | D:8      | Killed Grum
  9504 | D:8      | Reached skill level 5 in Armour
  9538 | D:8      | Noticed Erica
  9823 | D:8      | Noticed Maurice
 10164 | D:8      | Reached **** piety under Okawaru
 10665 | D:8      | Found a staircase to the Lair.
 11213 | D:8      | Received a gift from Okawaru
 11213 | D:8      | Reached XP level 10. HP: 23/86 MP: 10/10
 11556 | D:8      | Killed Erica
 11556 | D:8      | Received a gift from Okawaru
 11711 | D:8      | Killed Maurice
 12300 | D:9      | Noticed xfalz's ghost (journeyman HOFi)
 12707 | D:8      | Reached skill level 11 in Bows
 13437 | D:8      | Reached ***** piety under Okawaru
 13957 | D:9      | Found a staircase to the Orcish Mines.
 14772 | D:8      | Received a gift from Okawaru
 14793 | Lair:1   | Entered Level 1 of the Lair of Beasts
 14896 | Lair:1   | Reached XP level 11. HP: 85/95 MP: 11/11
 16176 | Lair:1   | Reached skill level 12 in Bows
 17203 | Lair:2   | Found a staircase to the Shoals.
 18974 | Lair:3   | Noticed a five-headed hydra
 18985 | Lair:3   | Killed a five-headed hydra
 19050 | Lair:3   | Received a gift from Okawaru
 19192 | Lair:3   | Reached skill level 10 in Fighting
 19469 | Lair:3   | Noticed an orb spider
 19827 | Lair:3   | Noticed a five-headed hydra
 19835 | Lair:3   | Killed a five-headed hydra
 19835 | Lair:3   | Reached skill level 13 in Bows
 20416 | Lair:3   | Found a hole to the Spider Nest.
 21145 | Lair:4   | Noticed an eight-headed hydra
 21159 | Lair:3   | Received a gift from Okawaru
 21159 | Lair:3   | Reached XP level 12. HP: 55/106 MP: 12/12
 22516 | Lair:4   | Killed an eight-headed hydra
 23508 | Lair:5   | Received a gift from Okawaru
 23676 | Lair:5   | Got a dazzling leather armour
 23688 | Lair:5   | Identified the +1 leather armour of the Equinox {rC+ Int+2 Slay+3} (You found it on level 5 of the Lair of Beasts)
 24866 | Lair:5   | HP: 6/162 [meliai/divine providence (8)]
 24868 | Lair:5   | Slain by a meliai

Skill      XL: |  1  2  3  4  5  6  7  8  9 10 11 12 |
---------------+-------------------------------------+-----
Bows           | 6 7 8 9 10 11 13 | 13.7
Armour         | 1 2 3 4 5 6 7 8 |  8.2
Fighting       | 3 4 5 6 7 8 10 | 10.8
Polearms       | 1 2 3 4 6 7 8 9 |  9.5
Dodging        | |  1.8
Stealth        | |  0.4

Action                   |  1- 3 |  4- 6 |  7- 9 | 10-12 || total
-------------------------+-------+-------+-------+-------++-------
Melee: Short sword       |   141 |     7 |       |       ||   148
       Kick              |    25 |    30 |   117 |   203 ||   375
       Trident           |       |   141 |   499 |   690 ||  1330
       Unarmed           |       |       |    10 |     1 ||    11
       Glaive            |       |       |       |    26 ||    26
 Fire: Shortbow          |       |       |    18 |    42 ||    60
Invok: Heroism           |       |       |       |     1 ||     1
  Use: Scroll            |       |     6 |     5 |    13 ||    24
       Potion            |       |     5 |       |     5 ||    10
  Eat: Chunk             |     2 |     1 |     3 |     7 ||    13
       Ration            |     1 |     1 |     6 |     9 ||    17
Armor: Leather armour    |    30 |       |       |    19 ||    49
       Ring mail         |    35 |    51 |    62 |       ||   148
       Chain mail        |       |       |   106 |   234 ||   340
       Skin              |       |       |       |    44 ||    44
Dodge: Dodged            |    70 |    68 |   155 |   172 ||   465
Block: Other             |       |       |       |     3 ||     3
